 Dungeon Crawl Stone Soup version 0.27-a0-1196-g3e9cee4cb2 (webtiles) character file.

Game seed: 6465978011785726681

96 Kinoniko the Chopper (level 4, -7/38 HPs)
             Began as a Ghoul Monk on May 29, 2021.
             Mangled by Sigmund
             ... wielding a +0 scythe
              (10 damage)
             ... on level 3 of the Dungeon.
             The game lasted 00:02:36 (2141 turns).

Kinoniko the Chopper (Ghoul Monk)                   Turns: 2141, Time: 00:02:37

Health: -7/38      AC:  4    Str: 15    XL:     4   Next: 67%
Magic:  3/3        EV: 12    Int:  5    God:
Gold:   149        SH:  0    Dex: 11    Spells: 3/3 levels left

rFire    . . .     SeeInvis .   a - +0 hand axe
rCold    + . .     Faith    .   (no shield)
rNeg     + + +     Spirit   .   d - +0 leather armour
rPois    ∞         Reflect  .   (no helmet)
rElec    .         Harm     .   (no cloak)
rCorr    .         Rampage  .   e - +0 pair of gloves
Will     .....                  (no boots)
Stlth    +.........             (no amulet)
HPRegen  0.00/turn              (no ring)
MPRegen  0.08/turn              (no ring)

@: confused, hasted, very quick
A: claws 1, cold resistance 1, negative energy resistance 3, inhibited
regeneration, torment resistance 2
a: no special abilities


You were on level 3 of the Dungeon.
You visited 1 branch of the dungeon, and saw 3 of its levels.

You collected 149 gold pieces.

Inventory:

Hand Weapons
 a - a +0 hand axe (weapon)
Armour
 d - a +0 leather armour (worn)
 e - a +0 pair of gloves (worn)
Wands
 i - a wand of acid (11)
Scrolls
 b - a scroll of noise {unknown}
 f - a scroll of vulnerability {unknown}
 h - a scroll of enchant weapon {unknown}
 l - 2 scrolls of magic mapping {unknown}
Potions
 k - a potion of curing


   Skills:
 - Level 3.2 Fighting
 * Level 4.8 Axes
 - Level 2.6 Dodging
 - Level 2.1 Stealth


You had 3 spell levels left.
You didn't know any spells.
Your spell library was empty.

Dungeon Overview and Level Annotations

Branches:
Dungeon (3/15)

Altars:

Annotations:
D:3 Sigmund


Innate Abilities, Weirdness & Mutations

You thrive by killing the living.
You are immune to poison.
You have sharp fingernails.
Your flesh is cold resistant. (rC+)
You are immune to negative energy. (rN+++)
You do not regenerate when monsters are visible.
You are immune to unholy pain and torment.


Message History

Unknown command.
You hit Sigmund.
Sigmund is moderately wounded.
You hit the worm.
Sigmund points at himself and mumbles some strange words.
Sigmund flickers and vanishes!
Deactivating autopickup; reactivate with Ctrl-A.
Unknown command.
You hit the worm.
The worm is moderately wounded.
You miss something. The worm misses you.
Unknown command.
Unknown command.
You barely miss the worm.
The worm is moderately wounded.
You miss something. Something barely misses you.
You hit the worm.
The worm is heavily wounded.
You barely miss something.
You hear some strange, mumbled words.
You are confused.
Unknown command.
You are too confused!
You are too confused!
Unknown command.
You are too confused!
You are too confused!
Unknown command.
Unknown command.
You are too confused!
You closely miss something. You hit the worm but do no damage.
The worm bites you. Something hits you!
* * * LOW HITPOINT WARNING * * *
You bump into the rock wall.
You hear some strange, mumbled words.
A puff of flame appears from out of thin air!
The puff of flame hits you!
* * * LOW HITPOINT WARNING * * *
Something hits you!
You die...

#..#...###.##.##.#####
#.......##.##.#.......
######......###.....^.#####
.........#..# ####.#.##
.#####..##..# #.#.#####
#......# #.......# #.###..#
###.###.## #......##
#........ ###.w@..#
#........ #!..{>..#
#..###.#.
#.........####......#.
+.....$...+.......###.
#.........####....# .
##.......## #..#.###.
##.....## #........ ##...##
####.#### #.#


You could see a worm.

Vanquished Creatures
  3 adders (D:2)
  A worm (D:2)
  3 dart slugs
  2 ball pythons (D:1)
  5 bats
  4 endoplasms
  6 giant cockroaches
  5 goblins
  6 hobgoblins
  2 jackals (D:1)
  4 quokkas
  3 frilled lizards
  6 kobolds
  7 rats
57 creatures vanquished.

Vanquished Creatures (others)
  7 toadstools (D:1)
7 creatures vanquished.

Grand Total: 64 creatures vanquished

Notes
Turn   | Place    | Note
-------+----------+-------------------------------------------
     0 | D:1      | Kinoniko the Ghoul Monk began the quest for the Orb.
     0 | D:1      | Reached XP level 1. HP: 19/19 MP: 0/0
   101 | D:1      | Reached skill level 3 in Axes
   200 | D:1      | Reached XP level 2. HP: 23/26 MP: 1/1
   539 | D:1      | Reached XP level 3. HP: 31/31 MP: 2/2
   831 | D:1      | Found a faded altar of an unknown god.
   938 | D:1      | Reached skill level 4 in Axes
  1717 | D:2      | Reached XP level 4. HP: 33/38 MP: 3/3
  2122 | D:3      | Noticed Sigmund
  2141 | D:3      | Mangled by Sigmund

Illustrated notes

Levels and vault maps discovered:
D:1:      nagdon_arrival_double_spiral, layout_loops_ring,
          hellmonk_ecumenical_altar_pennies_from_heaven
D:2:      layout_basic
D:3:      layout_loops_corners, gammafunk_ghost_mausoleum, uniq_sigmund,
          uniq_crazy_yiuf_cottage, uniq_jessica

Skill      XL: |  1  2  3 |
---------------+----------+-----
Axes           | 3 4 |  4.8
Fighting       | |  3.2
Dodging        | |  2.6
Stealth        | |  2.1

Action                   |  1- 3 |  4- 6 || total
-------------------------+-------+-------++-------
Melee: Hand axe          |   155 |    54 ||   209
  Use: Potion            |       |     6 ||     6
 Stab: Sleeping          |     3 |     2 ||     5
Armor: Robe              |    10 |       ||    10
       Leather armour    |    31 |    13 ||    44
Dodge: Dodged            |   105 |    34 ||   139

Table legend: (Time is in decaauts)
 A = Elapsed time spent in this place.
 B = Non-inter-level travel time spent in this place.
 C = Inter-level travel time spent in this place.
 D = Time resting spent in this place.
 E = Time spent auto-exploring this place.
 F = Levels seen in this place.
 G = Mean time per level.
                   A        B        C        D        E       F      G
               +--------+--------+--------+--------+--------+-----+--------+
         Total |   2239 |   2150 |     89 |    256 |   1455 |   3 |  746.3 |
       Dungeon |   2239 |   2150 |     89 |    256 |   1455 |   3 |  746.3 |
               +--------+--------+--------+--------+--------+-----+--------+

Top non-repeatable levels by time:
     D:1: 1273 daAuts
     D:2: 894 daAuts
     D:3: 71 daAuts
